 Dungeon Crawl Stone Soup version 0.29.0-11-gd7f09526c8 (webtiles) character file.

Game seed: 352544517910917214

74 Zeldest the Trooper (level 4, 0/35 HPs)
             Began as a Djinni Cinder Acolyte on Sept 4, 2022.
             Was a High Priest of Ignis.
             Slain by a gnoll
             ... wielding a +0 club
              (4 damage)
             ... on level 3 of the Dungeon.
             The game lasted 00:01:56 (2868 turns).

Zeldest the Trooper (Djinni Cinder Acolyte)         Turns: 2868, Time: 00:01:57

Health: 0/35       AC:  2    Str: 13    XL:     4   Next: 54%
Gold:   111        EV: 11    Int: 17    God:    Ignis [*****.] SH:  0 Dex:  9

rFire   + + +      SeeInvis .   a - -1 hand axe (flame)
rCold   x . .      Faith    .   (no shield)
rNeg    . . .      Spirit   .   b - +0 robe
rPois   ∞          Reflect  .   (no helmet)
rElec   .          Harm     .   (no cloak)
rCorr   .          Rampage  .   (no gloves)
Will    .....                   (boots unavailable)
Stlth   +.........              (no amulet)
HPRegen 0.11/turn               (no ring)
MPRegen 0.00/turn               (no ring)

@: flying, very slightly contaminated
A: sickness immunity, fire resistance 2, cold vulnerability 1, float, innate
caster, HP casting, extra vitality 1
a: Renounce Religion, Fiery Armour, Foxfire Swarm, Rising Flame


You were on level 3 of the Dungeon.
You worshipped Ignis.
Ignis was extremely pleased with you.
You visited 1 branch of the dungeon, and saw 3 of its levels.

You collected 111 gold pieces.

Inventory:

Hand Weapons
 a - a -1 hand axe of flaming (weapon)
Armour
 b - a +0 robe (worn)
Scrolls
 c - a scroll of blinking {unknown}
 d - 3 scrolls of identify {unknown}
 g - a scroll of amnesia {unknown}
 h - a scroll of brand weapon {unknown}
 i - a scroll of teleportation {unknown}
 k - a scroll of silence {unknown}
Potions
 e - a potion of degeneration {unknown}
 f - 2 potions of heal wounds {unknown}
 j - a potion of invisibility {unknown}
 l - 2 potions of mutation {unknown}
 m - a potion of attraction {unknown}
 n - a potion of resistance {unknown}


   Skills:
 + Level 3.4 Fighting
 * Level 3.2 Axes
 * Level 3.1 Spellcasting


You had 6 spell levels left.
You knew the following spells:

 Your Spells              Type           Power      Damage    Failure   Level
a - Scorch                Fire           26%        2d6       8%          2
b - Apportation           Tloc           26%        N/A       4%          1
Your spell library was empty.

Dungeon Overview and Level Annotations

Branches:
Dungeon (3/15)

Altars:
Trog

Shops:
D:2 (


Innate Abilities, Weirdness & Mutations

You are immune to sickness and miasma.
You are immune to poison.
Your flesh is very heat resistant. (rF++)
You are vulnerable to cold. (rC-)
You float through the air rather than walking.
You learn spells naturally, not from books.
Your magical power is your life essence.
You have superior vitality. (+4 MHP)


Message History

Found a plate armour.
No target in view!
No target in view!
The gnoll shouts!
There are monsters nearby!
The gnoll shouts!
The gnoll hits you with a +0 club! The gnoll attacks as you move away!
The gnoll hits you with a +0 club.
Casting: Scorch (safe; 8% risk of failure)
Press: ? - help, Q - select action, (/) - cycle Dir - look around, f - activate Flames lash the gnoll.
The gnoll is severely wounded.
The gnoll's fire resistance burns away.
The gnoll hits you with a +0 club.
Casting: Scorch (safe; 8% risk of failure)
Press: ? - help, Q - select action, (/) - cycle Dir - look around, f - activate Flames lash the gnoll.
The gnoll is moderately wounded.
The gnoll's fire resistance burns away.
The gnoll barely misses you.
Casting: Scorch (safe; 8% risk of failure)
Press: ? - help, Q - select action, (/) - cycle Dir - look around, f - activate You miscast Scorch.
You are very lightly contaminated with residual magic.
Nothing appears to happen.
The gnoll barely misses you.
Casting: Scorch (safe; 8% risk of failure)
Press: ? - help, Q - select action, (/) - cycle Dir - look around, f - activate Flames lash the gnoll.
The gnoll is moderately wounded.
The gnoll's fire resistance burns away.
The gnoll barely misses you.
Casting: Scorch (safe; 8% risk of failure)
Press: ? - help, Q - select action, (/) - cycle Dir - look around, f - activate You miscast Scorch.
Nothing appears to happen.
The gnoll barely misses you. The gnoll hits you with a +0 club!
* * * LOW HITPOINT WARNING * * *
The gnoll is no longer more vulnerable to fire. x2
The gnoll attacks as you move away! The gnoll hits you with a +0 club.
You die...

.......####..........._
...##### #..###.......
...# #...##....... ...#
#.#.##.######## ...#
#......# #.. ...######
#....g.# #.# ........#
#.#.##g# #.# ........#
#.##g# #^# #.#####.#
#...@# #<# .....##.#
#.##...######.#
#.##.##.#
#[...#........#
#.......#
####...########
#.##.##.#### #####
...........#
.#########.#### .#
#......# .### ##.#.##.#


You could see 3 gnolls.

Vanquished Creatures
  A gnoll (D:2)
  A worm (D:2)
  3 dart slugs
  4 bats
  3 endoplasms
  A giant cockroach (D:1)
  7 goblins
  8 hobgoblins
  A quokka (D:2)
  6 ball pythons
  4 frilled lizards (D:1)
  9 kobolds
  10 rats
58 creatures vanquished.

Notes
Turn   | Place    | Note
-------+----------+-------------------------------------------
     0 | D:1      | Zeldest the Djinni Cinder Acolyte began the quest for the
                  | Orb.
     0 | D:1      | Zeldest set off with the following spells memorised:
                  | Scorch.
     0 | D:1      | Reached XP level 1. HP: 20/20 MP: 0/0
    97 | D:1      | Reached XP level 2. HP: 23/25 MP: 0/0
   491 | D:1      | Reached XP level 3. HP: 23/30 MP: 0/0
   491 | D:1      | Learned a level 1 spell: Apportation
  1440 | D:2      | Found Hycues's Antique Weapon Shop.
  1788 | D:2      | Reached XP level 4. HP: 30/35 MP: 0/0
  2364 | D:3      | Found a bloodstained altar of Trog.
  2661 | D:3      | Found a faded altar of an unknown god.
  2868 | D:3      | Slain by a gnoll

Illustrated notes

Levels and vault maps discovered:
D:1:      mainiacjoe_arrival_reflecting_pool, layout_loops_ring
D:2:      layout_loops_corners, serial_shops, shop
D:3:      layout_loops_cross, grunt_gozag_statues, trog_three_pillars_becter,
          basic_ecumenical_altar, chequers_serial_rivers_room_b

Skill      XL: |  1  2  3  4 |
---------------+-------------+-----
Axes           | 3 |  3.2
Spellcasting   | 3 |  3.1
Fighting       | |  3.4

Action                   |  1- 3 |  4- 6 || total
-------------------------+-------+-------++-------
Melee: Hand axe          |   100 |    24 ||   124
 Cast: Scorch            |    18 |     8 ||    26
 Stab: Sleeping          |       |     1 ||     1
Armor: Robe              |    24 |     1 ||    25
Dodge: Dodged            |    73 |    19 ||    92
